 Dungeon Crawl Stone Soup version 0.30.1-9-gdf580d7c3d (webtiles) character file.

Game seed: 620891425089149319

323102 BuzzardItera the Executioner (level 20, -4/315 HPs)
             Began as a Minotaur Berserker on Oct 3, 2023.
             Was the Champion of Trog.
             Killed from afar by a starcursed mass (7 damage)
             ... with an accursed screaming
             ... on level 4 of the Abyss on Oct 5, 2023.
             The game lasted 02:47:02 (42597 turns).

BuzzardItera the Executioner (Minotaur Berserker)  Turns: 42597, Time: 02:47:02

Health: -4/315     AC: 32    Str: 28      XL:     20   Next: 68%
Magic:  1/6        EV:  9    Int:  1 (2)  God:    Trog [******]
Gold:   2965       SH:  0    Dex: 19      Spells: 19/19 levels left

rFire   . . .        C - +11 battleaxe "Weshramn" {antimagic, *Noise Will+ Dex+3}
rCold   . . .        (shield currently unavailable)
rNeg    . . .        u - +1 crystal plate armour "Hulereex" {Fly rElec Dex+3}
rPois   +            (helmet restricted)
rElec   +            Q - scarf {repulsion}
rCorr   .            t - +2 pair of gloves {hurl}
SInv    +            M - +2 pair of boots
Will    ++...        W - amulet of regeneration Stlth
                     a - ring of see invisible
HPRegen 0.00/turn    n - ring of poison resistance
MPRegen 0.10/turn

%: repel missiles, clarity
@: berserking (expiring), sick, flying, slowed, lost intelligence, unable to
read
A: horns 2, retaliatory headbutt, iridescent scales 1, clarity, deformed body,
dopey 1, screaming 1
}: 2/15 runes: decaying, gossamer
a: Renounce Religion, Berserk, Trog's Hand, Brothers in Arms


You were on level 4 of the Abyss.
You worshipped Trog.
Trog was exalted by your worship.
You visited 9 branches of the dungeon, and saw 36 of its levels.
You visited the Abyss 2 times.
You also visited: Ossuary, Bailey and Ice Cave.

You collected 3355 gold pieces.
You spent 390 gold pieces at shops.

Inventory:

Hand Weapons
 l - a +5 antimagic executioner's axe
 m - the +9 battleaxe of the Equator {flame, rF+ rN+ Will- Int+3}
   (You acquired it in an ossuary)

   Int:       It affects your intelligence (+3).
   rF:        It protects you from fire.
   rN:        It protects you from negative energy.
   Will:      It decreases your willpower.
 C - the +11 battleaxe "Weshramn" (weapon) {antimagic, *Noise Will+ Dex+3}
   (Trog gifted it to you on level 1 of the Elven Halls)

   Dex:       It affects your dexterity (+3).
   *Noise:    It may make noises in combat.
   Will:      It increases your willpower.
 Y - a +9 heavy battleaxe
Armour
 c - an orb of light
 t - a +2 pair of gloves of hurling (worn)
 u - the +1 crystal plate armour "Hulereex" (worn) {Fly rElec Dex+3}
   (You acquired it in an ossuary)

   Dex:       It affects your dexterity (+3).
   rElec:     It insulates you from electricity.
   Fly:       It grants you flight.
 M - a +2 pair of boots (worn)
 Q - a scarf of repulsion (worn)
 R - the +8 chain mail of Egalitarianism {rN+ Int+2}
   (You found it on level 1 of the Vaults)

   Int:       It affects your intelligence (+2).
   rN:        It protects you from negative energy.
Jewellery
 a - a ring of see invisible (left hand)
 b - a ring of protection from fire
 g - a ring of willpower
 n - a ring of poison resistance (right hand)
 q - a ring of protection from cold
 r - a +6 ring of dexterity
 v - an amulet of guardian spirit
 w - a +6 ring of strength
 B - an amulet of faith
 K - a ring of fire
 W - an amulet of regeneration (around neck)
Wands
 h - a wand of quicksilver (16)
 z - a wand of mindburst (28)
 D - a wand of iceblast (12)
 F - a wand of flame (92)
 I - a wand of charming (54)
 L - a wand of digging (8)
 N - a wand of polymorph (16)
Scrolls
 e - 14 scrolls of teleportation
 j - 23 scrolls of identify
 o - 6 scrolls of poison
 s - 5 scrolls of fear
 y - 5 scrolls of blinking
 A - 4 scrolls of enchant weapon
 G - a scroll of butterflies
 O - 2 scrolls of silence
 S - 3 scrolls of brand weapon
 X - 2 scrolls of magic mapping
Potions
 d - 5 potions of mutation
 f - 5 potions of heal wounds
 i - 21 potions of curing
 k - 5 potions of haste
 p - 10 potions of attraction
 x - 3 potions of invisibility
 E - 2 potions of resistance
 H - 5 potions of ambrosia
 J - 2 potions of flight
 P - 5 potions of cancellation
 T - 6 potions of might
 Z - 4 potions of berserk rage


   Skills:
 + Level 25.0 Fighting
 + Level 26.6 Axes
 + Level 23.0 Armour
 + Level 4.0 Dodging
 + Level 1.6 Stealth
 + Level 1.8 Unarmed Combat


You had 19 spell levels left.
You didn't know any spells.
Your spell library contained the following spells:

 Spells                   Type           Power      Damage    Failure   Level
 Ensorcelled Hibernation  Hex/Ice        0%         N/A       100%        2
 Passwall                 Tmut/Erth      0%         N/A       100%        2
 Poisonous Vapours        Pois/Air       0%         N/A       100%        2
 Mephitic Cloud           Conj/Pois/Air  0%         N/A       100%        3
 Spider Form              Tmut/Pois      0%         N/A       100%        3
 Anguish                  Hex/Necr       0%         N/A       100%        4
 Leda's Liquefaction      Hex/Erth       0%         N/A       100%        4
 Freezing Cloud           Conj/Ice/Air   0%         6-21      100%        5
 Summon Forest            Summ/Tloc      0%         N/A       100%        5
 Eringya's Noxious Bog    Tmut/Pois      0%         N/A       100%        6
 Iron Shot                Conj/Erth      0%         9d1       100%        6
 Summon Hydra             Summ           0%         N/A       100%        7


Dungeon Overview and Level Annotations

Branches:
Dungeon (15/15)            Temple (0/1) D:6            Lair (5/5) D:9
  Swamp (4/4) Lair:2       Spider (4/4) Lair:2        Slime (0/5) Lair:5
    Orc (2/2) D:9             Elf (2/3) Orc:2        Vaults (2/5) D:14
  Crypt (1/3) Vaults:2     Depths (1/4) D:15        Ossuary (visited)
 Bailey (visited)           IceCv (visited)

Altars:
Dithmenos
Elyvilon
Kikubaaqudgha
Makhleb
Nemelex Xobeh
Okawaru
Qazlal
Sif Muna
Xom
Yredelemnul
Zin
The Shining One
Jiyva

Shops:
D:1 !(=*(   D:5 :   D:8 [   D:10 *   Orc:2 *?(=   Elf:1 [(=(   Elf:2 [[

Portals:
Abyss: Orc:1

Annotations:
Orc:1 2 transporters, SweetJohnnyV's ghost, journeyman MiBe
Elf:2 6 transporters


Innate Abilities, Weirdness & Mutations

You have a pair of horns on your head.
You reflexively headbutt those who attack you in melee.
You are partially covered in iridescent scales. (AC +2)
You possess an exceptional clarity of mind.
Armour fits poorly on your strangely shaped body.
You are dopey. (Int -2)
You occasionally shout uncontrollably at your foes.


Message History

You feel the power of Trog in you as your rage grows.
You destroy the starcursed mass!
Trog accepts your kill.
You hear a bark!
Something shouts, "Give up, thou unctious fob-snatching hedge-pig!"
You hear a bark! x2
A tentacled starspawn comes into view.
The sixfirhy barely misses you. You furiously retaliate!
You headbutt the sixfirhy! You barely miss the ghost moth.
You headbutt the ghost moth!
The ghost moth is lightly wounded.
You slash the tentacled starspawn! You slice the sixfirhy!!
The sixfirhy hits you but does no damage. x2
A chorus of shrieks assaults your mind.
* * * LOW HITPOINT WARNING * * *
The ghost moth stares at you.
You feel your power leaking away.
The ghost moth hits you but does no damage.
The ghost moth misses you. The ghost moth stings you.
* * * LOW HITPOINT WARNING * * *
You feel dopey.
The sixfirhy hits you but does no damage.
You open the ghost moth like a pillowcase!!!
You kill the ghost moth!
Trog accepts your kill.
You slice the tentacled starspawn!! You carve the sixfirhy like a ham!!!
You kill the sixfirhy!
Trog accepts your kill.
A starcursed mass splits.
Things that are here:
a +3 whip of holy wrath; a +0 robe The tentacled starspawn attacks as you move away!
The tentacled starspawn closely misses you.
The tentacled starspawn tentacle-slaps you!
* * * LOW HITPOINT WARNING * * *
You feel a strong urge to attack something.
The starcursed mass touches you but does no damage.
A tentacle flies out from the starspawn's body!
A chorus of shrieks assaults your mind.
You die...

.# ## . #.
#. . ## # #.
## . . # #
#.## ..#.# .
..###.... .
#.......#..#
. . #@#.# .
..# ## #
..####wX#.
.##. #. ..
#.....#X##.
# ....#. ..
#VX#.##. . #
.# . .#X##.
# . ..
#.X..X†x.#.
.#.# .. ####
... #.## #
#§####.... .
..§ .. .


You could see 4 starcursed masses, a tentacled starspawn and a starspawn
tentacle.

Vanquished Creatures
  Mara (Spider:4)
  the Lernaean hydra (Swamp:4)
  Saint Roka (Elf:2)
  Nikola (Swamp:1)
  Arachne (Spider:4)
  Jorgrun (Elf:2)
  A lich (Abyss:4)
  3 tentacled monstrosities
  An Executioner (Abyss:4)
  A quicksilver dragon (Depths:1)
  A thorn hunter (Swamp:1)
  A tentacled starspawn (Abyss:2)
  Kirke (Spider:3)
  A revenant (Vaults:2)
  A fenstrider witch (Swamp:2)
  Donald (Elf:2)
  4 emperor scorpions
  3 vault wardens
  A frost giant (Depths:1)
  A balrug (Abyss:4)
  A deep elf sorcerer (Elf:2)
  3 broodmothers
  6 ghost moths
  7 ironbound preservers
  A deep elf elementalist (Elf:2)
  3 orc warlords
  10 very ugly things
  An angel (Abyss:4)
  A caustic shrike skeleton (D:15)
  3 ironbound thunderhulks
  A deep elf annihilator (Elf:1)
  2 eleionomae
  2 bunyips
  4 spark wasps
  A blizzard demon (Abyss:4)
  Snorg (D:12)
  2 deep elf death magi
  An eidolon (Abyss:4)
  3 jiangshi (Depths:1)
  An ettin (D:15)
  A shambling mangrove (Swamp:4)
  4 yaktaur captains (Vaults:1)
  6 entropy weavers
  2 great orbs of eyes
  A vault guard (Vaults:2)
  The ghost of gdog the Covert, a journeyman GnDe of Gozag (D:10)
  19 hydras
  A spriggan air mage (Swamp:3)
  3 ice dragons
  9 ironbound frosthearts
  3 centaur warriors
  6 radroaches
  3 ogre magi (Orc:2)
  A death knight (D:15)
  A catoblepas (Lair:5)
  A deep troll shaman (Lair:5)
  5 boulder beetles
  5 jorogumos
  22 dancing weapons
  10 death yaks
  A vampire mage (Depths:1)
  A tengu warrior (D:15)
  3 thrashing horrors (Abyss:4)
  13 two-headed ogres
  An alligator (Swamp:1)
  9 deep elf knights
  2 sixfirhies (Abyss:4)
  2 sun demons (Abyss:4)
  2 wretched stars (Abyss:4)
  15 skeletal warriors
  4 sun moths
  5 pharaoh ants
  A spriggan druid (Swamp:4)
  3 goliath frogs (Swamp:3)
  A skyshark (Lair:2)
  2 glowing orange brains (Abyss:4)
  A flayed ghost (D:15)
  8 orb spiders
  4 bog bodies
  8 lindwurms (Vaults:1)
  9 deep trolls
  2 phantasmal warriors
  16 swamp dragons
  3 wizards
  4 ironbound convokers (Vaults:1)
  5 necromancers
  8 deep elf zephyrmancers
  22 wolf spiders
  2 deep elf archers
  4 steelbarb worms
  4 harpies (Vaults:1)
  An oklob plant (Orc:1)
  An orc knight (Orc:2)
  15 deep elf pyromancers
  12 ugly things
  A manticore (D:11)
  2 orc sorcerers (Orc:2)
  2 will-o-the-wisps
  A worldbinder (Abyss:2)
  Joseph (D:8)
  An iron dragon skeleton (D:15)
  Maurice (D:9)
  6 vault sentinels
  5 moths of wrath
  10 cyclopes
  2 fire giant skeletons (D:15)
  2 apocalypse crabs (Abyss:4)
  6 demonic crawlers
  5 elephants
  A black mamba (shapeshifter) (Elf:2)
  3 black mambas
  2 gargoyles
  4 torpor snails
  A cane toad (shapeshifter) (D:14)
  Maggie (D:7)
  An eye of devastation (shapeshifter) (Vaults:1)
  An ice statue (IceCv)
  10 cane toads
  3 freezing wraiths
  2 unseen horrors
  6 yaktaurs (Vaults:1)
  3 rime drakes
  A rime drake (shapeshifter) (D:15)
  8 trolls
  An efreet (D:14)
  11 komodo dragons
  A tengu conjurer (Vaults:2)
  4 ancient zymes
  A guardian mummy (D:15)
  3 meliai (D:15)
  14 polar bears
  A tyrant leech (Swamp:2)
  18 tarantellas
  18 hornets
  Prince Ribbit (D:8)
  4 blink frogs
  3 raiju (Abyss:2)
  21 culicivoras
  31 jumping spiders
  25 slime creatures
  2 air elementals (Elf:2)
  4 water elementals
  3 wyverns
  3 ynoxinuls
  A shadow (D:13)
  4 spriggans
  4 wraiths
  4 fire bats (Abyss:2)
  9 basilisks
  2 hogs (Spider:4)
  68 yaks
  2 fire elementals (Elf:1)
  A neqoxec (Abyss:4)
  40 redbacks
  A human (Spider:4)
  13 vampire mosquitoes
  16 swamp worms
  4 wargs
  3 acid dragons
  13 water moccasins
  9 swamp drakes
  18 orc warriors
  4 ice beasts
  5 large abominations
  4 black bears
  27 ogres
  A sky beast (D:7)
  33 wolves
  6 centaurs
  A phantom (D:4)
  4 elf zombies (Elf:1)
  3 bullfrogs
  16 scorpions
  4 killer bees (D:10)
  2 howler monkeys
  2 centaur zombies (Ossuary)
  2 human zombies (Ossuary)
  A quasit (Abyss:2)
  15 orc priests
  9 jellies
  A hound (D:5)
  4 iguanas
  A sleepcap (D:6)
  9 starcursed masses (Abyss:4)
  3 scorpion zombies (Ossuary)
  22 orc wizards
  4 small abominations
  3 mummies (Ossuary)
  4 gnolls
  2 adders
  A shadow imp (D:6)
  3 white imps
  5 worms
  3 dart slugs
  77 orcs
  2 endoplasms
  2 giant cockroaches (D:3)
  10 goblins
  10 hobgoblins
  4 jackals (D:1)
  17 kobolds
  2 quokkas
  4 ball pythons
  3 bats
  3 frilled lizards
  2 gnoll zombies (Ossuary)
  4 goblin zombies (Ossuary)
  A hobgoblin zombie (Ossuary)
  2 kobold zombies (Ossuary)
  2 orc zombies (Ossuary)
  2 rats (D:1)
1203 creatures vanquished.

Vanquished Creatures (collateral kills)
  A fenstrider witch (Swamp:3)
  Aizul (Swamp:4)
  An ogre mage (Orc:2)
  2 two-headed ogres (Orc:2)
  A steelbarb worm (Spider:4)
  2 swamp dragons (Swamp:3)
  An orc sorcerer (Orc:2)
  A will-o-the-wisp (Swamp:4)
  2 tyrant leeches (Swamp:3)
  A troll (Orc:2)
  A jumping spider (Spider:4)
  A culicivora (Spider:4)
  2 swamp drakes
  An ogre (Orc:2)
  An orc priest (Elf:2)
  An orc wizard (Orc:2)
  2 orcs (Orc:2)
22 creatures vanquished.

Vanquished Creatures (others)
  A spriggan druid (Swamp:3)
  2 deep elf zephyrmancers (Elf:2)
  An orc (Orc:2)
  A quokka (D:5)
  9 foxfires
  2 starspawn tentacles (Abyss:2)
16 creatures vanquished.

Grand Total: 1241 creatures vanquished

Notes
Turn   | Place    | Note
-------+----------+-------------------------------------------
     0 | D:1      | BuzzardItera the Minotaur Berserker began the quest for the
                  | Orb.
     0 | D:1      | Reached XP level 1. HP: 19/19 MP: 0/0
    22 | D:1      | Found Kadamell's Weapon Shoppe.
   177 | D:1      | Reached XP level 2. HP: 27/27 MP: 1/1
   186 | D:1      | Found Vudyloucs's Assorted Antiques.
   212 | D:1      | Reached skill level 4 in Axes
   378 | D:1      | Found Batuor's Jewellery Shop.
   470 | D:1      | Found Nyefitim's Weapon Shoppe.
   701 | D:1      | Found Teoqak's Distillery.
  1137 | D:2      | Reached XP level 3. HP: 33/33 MP: 2/2
  1181 | D:2      | Reached ** piety under Trog
  2028 | D:3      | Found a shimmering altar of Xom.
  2294 | D:3      | Found an iron altar of Okawaru.
  2300 | D:3      | Reached XP level 4. HP: 41/41 MP: 3/3
  2399 | D:3      | Found a shimmering blue altar of Sif Muna.
  2635 | D:3      | Found a shadowy altar of Dithmenos.
  2770 | D:4      | Noticed a phantom
  2783 | D:4      | Killed a phantom
  2784 | D:4      | Reached skill level 5 in Axes
  2784 | D:4      | Reached XP level 5. HP: 26/47 MP: 4/4
  2890 | D:4      | Noticed a black bear
  2899 | D:4      | Killed a black bear
  3027 | D:4      | You fall into a shaft and drop 1 floor!
  3027 | D:5      | Entered Level 5 of the Dungeon
  3028 | D:5      | Found Buboumy's Book Shop.
  3028 | D:5      | Noticed a walking divine tome
  3028 | D:5      | Noticed a walking divine tome
  3037 | D:5      | Reached XP level 6. HP: 55/55 MP: 5/5
  3061 | D:4      | Reached skill level 5 in Fighting
  3151 | D:4      | Reached skill level 6 in Axes
  3151 | D:4      | Reached skill level 5 in Armour
  3170 | D:4      | Found a sand-covered staircase.
  3177 | Ossuary  | Entered an ossuary
  3302 | Ossuary  | Reached *** piety under Trog
  3303 | Ossuary  | Reached XP level 7. HP: 48/61 MP: 6/6
  3356 | Ossuary  | Reached skill level 7 in Axes
  3545 | Ossuary  | Identified a scroll of acquirement
  3545 | Ossuary  | Acquired the +1 crystal plate armour "Hulereex" {Fly rElec
                  | Dex+3}
  3723 | Ossuary  | Reached XP level 8. HP: 47/70 MP: 7/7
  3725 | Ossuary  | Reached skill level 8 in Axes
  3861 | Ossuary  | Acquired the +9 battleaxe of the Equator {flame, rF+ rN+
                  | Will- Int+3}
  4511 | D:5      | Reached skill level 9 in Axes
  4698 | D:5      | Found a white marble altar of Elyvilon.
  5691 | D:6      | Reached XP level 9. HP: 58/81 MP: 8/8
  5773 | D:6      | Found a staircase to the Ecumenical Temple.
  6182 | D:6      | Reached **** piety under Trog
  6746 | D:7      | Reached skill level 10 in Axes
  6756 | D:7      | Noticed Maggie
  6771 | D:7      | Killed Maggie
  6954 | D:7      | Found a glowing golden altar of the Shining One.
  7064 | D:7      | Reached skill level 11 in Axes
  7413 | D:8      | Noticed Joseph
  7421 | D:8      | Killed Joseph
  7427 | D:8      | Found Povalodeig's Antique Armour Shop.
  7718 | D:8      | Found a flagged portal.
  7728 | Bailey   | Entered a bailey
  7737 | Bailey   | Noticed an orc warlord
  7801 | Bailey   | Found a runed translucent gate.
  7801 | Bailey   | Found a runed translucent gate.
  7810 | Bailey   | Found a runed translucent gate.
  7933 | Bailey   | Reached skill level 12 in Axes
  7933 | Bailey   | Reached XP level 10. HP: 68/90 MP: 9/9
  8023 | Bailey   | Killed an orc warlord
  8024 | Bailey   | Reached skill level 10 in Armour
  8061 | Bailey   | Acquired the amulet "Taemesei" {Spirit Drain +Inv rElec
                  | Int-4}
  8145 | D:8      | Noticed Prince Ribbit
  8162 | D:8      | Killed Prince Ribbit
  8162 | D:8      | Reached ***** piety under Trog
  8297 | D:8      | Found an ancient bone altar of Kikubaaqudgha.
  8516 | D:9      | Reached skill level 13 in Axes
  8562 | D:9      | Found a basalt altar of Yredelemnul.
  8631 | D:9      | Reached skill level 14 in Axes
  8648 | D:9      | Noticed a cyclops
  8654 | D:9      | Killed a cyclops
  8655 | D:9      | Reached skill level 10 in Fighting
  8659 | D:9      | Found a staircase to the Orcish Mines.
  8758 | D:9      | Noticed Maurice
  8767 | D:9      | Killed Maurice
  8824 | D:9      | Found a staircase to the Lair.
  9216 | Lair:1   | Entered Level 1 of the Lair of Beasts
  9294 | Orc:1    | Entered Level 1 of the Orcish Mines
  9367 | Orc:1    | Reached XP level 11. HP: 80/99 MP: 8/10
  9369 | Orc:1    | Noticed an oklob plant
  9396 | Orc:1    | Killed an oklob plant
  9515 | Orc:1    | Found a transporter.
  9523 | Orc:1    | Noticed a purple ugly thing
  9523 | Orc:1    | Noticed an orc knight
  9524 | Orc:1    | Noticed SweetJohnnyV's ghost (journeyman MiBe)
  9527 | Orc:1    | Found a transporter.
  9553 | Orc:1    | Noticed a hell hog
  9565 | Orc:1    | Noticed a thrashing horror
  9585 | Orc:1    | Noticed a cyan very ugly thing
  9822 | Orc:1    | Found a one-way gate to the infinite horrors of the Abyss.
 10176 | Orc:2    | Entered Level 2 of the Orcish Mines
 10176 | Orc:2    | Found a staircase to the Elven Halls.
 10193 | Orc:2    | Found a frozen archway.
 10194 | Orc:2    | Noticed an ice dragon
 10197 | Orc:2    | Received a gift from Trog
 10204 | Orc:2    | Reached skill level 15 in Axes
 10209 | Orc:2    | Killed an ice dragon
 10227 | IceCv    | Entered an ice cave
 10262 | IceCv    | Noticed a white ugly thing
 10268 | IceCv    | Killed a white ugly thing
 10406 | IceCv    | Reached skill level 16 in Axes
 10488 | IceCv    | Gained mutation: You are dopey. (Int -2) [potion of
                  | mutation]
 10488 | IceCv    | Gained mutation: You occasionally shout uncontrollably at
                  | your foes. [potion of mutation]
 10488 | IceCv    | Gained mutation: You are partially covered in iridescent
                  | scales. (AC +2) [potion of mutation]
 10488 | IceCv    | Gained mutation: You possess an exceptional clarity of
                  | mind. [potion of mutation]
 10559 | IceCv    | Reached XP level 12. HP: 82/110 MP: 9/11
 10745 | IceCv    | Reached skill level 17 in Axes
 10828 | IceCv    | Noticed an ironbound frostheart
 10828 | IceCv    | Noticed a death yak
 10828 | IceCv    | Noticed an ironbound frostheart
 10841 | IceCv    | Killed a death yak
 10845 | IceCv    | Killed an ironbound frostheart
 10853 | IceCv    | Killed an ironbound frostheart
 11285 | Orc:2    | Noticed a two-headed ogre
 11313 | Orc:2    | Killed a two-headed ogre
 11364 | Orc:2    | Noticed a two-headed ogre
 11367 | Orc:2    | Noticed an ogre mage
 11368 | Orc:2    | Noticed an ogre mage
 11370 | Orc:2    | Killed a two-headed ogre
 11387 | Orc:2    | Paralysed by something for 4 turns
 11397 | Orc:2    | Killed an ogre mage
 11398 | Orc:2    | Reached skill level 18 in Axes
 11413 | Orc:2    | Killed an ogre mage
 11501 | Orc:2    | Noticed a two-headed ogre
 11508 | Orc:2    | Killed a two-headed ogre
 11513 | Orc:2    | Noticed a two-headed ogre
 11519 | Orc:2    | Noticed an ogre mage
 11522 | Orc:2    | Killed a two-headed ogre
 11531 | Orc:2    | Found Ydofesas's Jewellery Shoppe.
 11531 | Orc:2    | Found Fafem's Magic Scroll Shop.
 11531 | Orc:2    | Found Giurghid's Weapon Shop.
 11531 | Orc:2    | Found Wuno's Assorted Antiques.
 11538 | Orc:2    | Killed an ogre mage
 11543 | Orc:2    | Noticed a two-headed ogre
 11551 | Orc:2    | Killed a two-headed ogre
 11596 | Orc:2    | Noticed a two-headed ogre
 11602 | Orc:2    | Killed a two-headed ogre
 11602 | Orc:2    | Noticed a two-headed ogre
 11603 | Orc:2    | Noticed an orc warlord
 11603 | Orc:2    | Noticed a two-headed ogre
 11607 | Orc:2    | Noticed a two-headed ogre
 11616 | Orc:2    | Killed a two-headed ogre
 11617 | Orc:2    | Reached XP level 13. HP: 122/122 MP: 10/12
 11620 | Orc:2    | Killed an orc warlord
 11623 | Orc:2    | Reached skill level 19 in Axes
 11983 | Orc:2    | Noticed an orc warlord
 12021 | Orc:2    | Paralysed by an orc sorcerer for 5 turns
 12051 | Orc:2    | Killed an orc warlord
 12748 | Orc:2    | Received a gift from Trog
 13068 | D:10     | Entered Level 10 of the Dungeon
 13123 | D:10     | Reached skill level 20 in Axes
 13189 | D:10     | Found Opoaliro's Demolitions Depot.
 13277 | D:10     | Found a burning altar of Makhleb.
 13277 | D:10     | Noticed a green death
 13284 | D:10     | Found a runed translucent door.
 13284 | D:10     | Noticed gdog's ghost (journeyman GnDe)
 13333 | D:10     | Found a sparkling altar of Nemelex Xobeh.
 13361 | D:10     | Killed gdog's ghost
 13376 | D:10     | Got Sif Muna's Handbook of the Geologist
 13767 | D:11     | Identified the +0 pair of gloves of the Arcane {rElec rPois
                  | Will-}
 14340 | D:11     | Reached XP level 14. HP: 78/133 MP: 6/13
 14696 | D:11     | Reached skill level 15 in Armour
 15109 | D:12     | Reached skill level 15 in Fighting
 15368 | D:12     | Received a gift from Trog
 16476 | Lair:2   | Identified the ring of Xom's Best Wishes {Int+2 SInv
                  | Stlth+}
 17065 | Lair:2   | Found a staircase to the Swamp.
 17096 | Swamp:1  | Entered Level 1 of the Swamp
 17152 | Swamp:1  | Noticed a thorn hunter
 17174 | Swamp:1  | Killed a thorn hunter
 17175 | Swamp:1  | Reached skill level 21 in Axes
 17479 | Swamp:1  | Noticed Nikola
 17495 | Swamp:1  | Killed Nikola
 17998 | Swamp:2  | Noticed a fenstrider witch
 18009 | Swamp:2  | Paralysed by a fenstrider witch for 5 turns
 18019 | Swamp:2  | Killed a fenstrider witch
 18019 | Swamp:2  | Received a gift from Trog
 18479 | Swamp:3  | Reached XP level 15. HP: 143/146 MP: 14/14
 18581 | Swamp:3  | Noticed a fenstrider witch
 18581 | Swamp:3  | Paralysed by a fenstrider witch for 3 turns
 18595 | Swamp:3  | Killed a fenstrider witch
 18612 | Swamp:3  | Reached skill level 1 in Stealth
 19452 | Swamp:4  | Entered Level 4 of the Swamp
 19473 | Swamp:4  | Paralysed by a hornet for 1 turns
 19474 | Swamp:4  | Noticed a tentacled monstrosity
 19617 | Swamp:4  | Killed a tentacled monstrosity
 19740 | Swamp:4  | Noticed Aizul
 19751 | Swamp:4  | Killed Aizul
 19775 | Swamp:4  | Noticed the 27-headed Lernaean hydra
 20007 | Swamp:4  | Reached skill level 22 in Axes
 20051 | Swamp:4  | Killed the 25-headed Lernaean hydra
 20075 | Swamp:4  | Noticed a tentacled monstrosity
 20086 | Swamp:4  | Killed a tentacled monstrosity
 21138 | Swamp:4  | Got a decaying rune of Zot
 21355 | Lair:2   | Found a hole to the Spider Nest.
 22211 | Lair:3   | Reached XP level 16. HP: 147/159 MP: 12/15
 23709 | Lair:5   | Entered Level 5 of the Lair of Beasts
 24077 | Lair:5   | Found a viscous altar of Jiyva.
 24077 | Lair:5   | Found a staircase to the Slime Pits.
 24079 | Lair:5   | Reached ****** piety under Trog
 24089 | Lair:5   | Received a gift from Trog
 24687 | Lair:5   | Identified the +7 spear of Wiatsur {flame, +Blink rF- rCorr
                  | Int-5 Dex+4}
 25292 | Spider:1 | Entered Level 1 of the Spider Nest
 25996 | Spider:1 | Reached skill level 23 in Axes
 26419 | Spider:1 | Received a gift from Trog
 28632 | Spider:2 | Received a gift from Trog
 28864 | Spider:3 | Reached XP level 17. HP: 124/170 MP: 12/16
 29555 | Spider:3 | Reached XP level 18. HP: 178/178 MP: 17/17
 29575 | Spider:3 | Lost intelligence.
 30755 | D:12     | Noticed Snorg
 30769 | D:12     | Killed Snorg
 31899 | D:14     | Reached skill level 24 in Axes
 31943 | D:14     | Found a gate to the Vaults.
 32033 | D:14     | Received a gift from Trog
 32231 | Abyss:2  | Cast into level 2 of the Abyss (a wizard)
 32521 | Abyss:2  | Noticed a tentacled monstrosity
 32527 | Abyss:2  | Killed a tentacled monstrosity
 32533 | D:14     | Escaped the Abyss
 32941 | D:14     | Found a glowing silver altar of Zin.
 32941 | D:14     | Found a glowing golden altar of the Shining One.
 32941 | D:14     | Found a white marble altar of Elyvilon.
 33038 | D:15     | Entered Level 15 of the Dungeon
 33378 | D:15     | Found a stormy altar of Qazlal.
 34086 | Spider:4 | Entered Level 4 of the Spider Nest
 34495 | Spider:4 | Noticed Mara
 34497 | Spider:4 | Noticed BuzzardItera's illusion
 34609 | Spider:4 | Noticed BuzzardItera's illusion
 34619 | Spider:4 | Killed Mara
 34853 | Spider:4 | Noticed Arachne
 34858 | Spider:4 | Received a gift from Trog
 34865 | Spider:4 | Killed Arachne
 34876 | Spider:4 | Reached XP level 19. HP: 191/191 MP: 0/18
 34889 | Spider:4 | Paralysed by a jorogumo for 2 turns
 34892 | Spider:4 | Noticed Kirke
 35402 | Spider:4 | Identified the +1 robe "Jomastux" {Rampage rC++ Str-3 SInv}
 35447 | Spider:4 | Paralysed by a jorogumo for 3 turns
 35569 | Spider:3 | Killed Kirke
 35573 | Spider:3 | Paralysed by a jorogumo for 1 turns
 35752 | Spider:4 | Got a gossamer rune of Zot
 35759 | Spider:4 | Identified the +1 hat "Got Vioq" {*Slow rElec rF+ Str+4
                  | Stlth+}
 36277 | Orc:2    | Bought an amulet of guardian spirit for 390 gold pieces
 36351 | Elf:1    | Entered Level 1 of the Elven Halls
 36351 | Elf:1    | Found Etosamp's Jewellery Boutique.
 36485 | Elf:1    | Reached skill level 1 in Unarmed Combat
 36687 | Elf:1    | Found Xuetumer's Antique Weapon Shop.
 36810 | Elf:1    | Identified the +11 battleaxe "Weshramn" {antimagic, *Noise
                  | Will+ Dex+3} (Trog gifted it to you on level 1 of the Elven
                  | Halls)
 36810 | Elf:1    | Received a gift from Trog
 37083 | Elf:1    | Found Laog Pye's Weapon Shoppe.
 37147 | Elf:1    | Found Wiupt's Antique Armour Shop.
 37231 | Elf:1    | Reached skill level 25 in Axes
 37937 | Elf:2    | Received a gift from Trog
 37943 | Elf:2    | Found a transporter.
 37954 | Elf:2    | Found a transporter.
 37961 | Elf:2    | Found a runed translucent gate.
 37961 | Elf:2    | Found a runed translucent gate.
 37964 | Elf:2    | Found a runed translucent gate.
 38024 | Elf:2    | Noticed Saint Roka
 38046 | Elf:2    | Noticed Jorgrun
 38053 | Elf:2    | Killed Jorgrun
 38057 | Elf:2    | Killed Saint Roka
 38198 | Elf:2    | Found a transporter.
 38210 | Elf:2    | Found a transporter.
 38225 | Elf:2    | Paralysed by an air elemental for 1 turns
 38248 | Elf:2    | Found a transporter.
 38271 | Elf:2    | Found a transporter.
 38340 | Elf:2    | Found Mierr's Armour Shoppe.
 38342 | Elf:2    | Found Uguubaus's Antique Armour Emporium.
 38585 | Elf:2    | Noticed Donald
 38657 | Elf:2    | Killed Donald
 39235 | D:15     | Found a staircase to the Depths.
 39242 | D:15     | Received a gift from Trog
 39735 | Depths:1 | Entered Level 1 of the Depths
 40039 | Vaults:1 | Entered Level 1 of the Vaults
 40240 | Vaults:1 | Reached XP level 20. HP: 95/205 MP: 6/19
 40387 | Vaults:1 | Identified the +8 chain mail of Egalitarianism {rN+ Int+2}
 40735 | Vaults:1 | Reached skill level 26 in Axes
 41901 | Vaults:2 | Received a gift from Trog
 42262 | Vaults:2 | Found a staircase to the Crypt.
 42288 | Crypt:1  | Entered Level 1 of the Crypt
 42449 | Vaults:2 | Identified the +1 robe "Linan" {Dex+3}
 42453 | Abyss:4  | Cast into level 4 of the Abyss (tengu reaver)
 42520 | Abyss:4  | Lost intelligence.
 42521 | Abyss:4  | Gained mutation: Armour fits poorly on your strangely
                  | shaped body. [a neqoxec]
 42597 | Abyss:4  | HP: 3/315 [tentacled starspawn (13)]
 42597 | Abyss:4  | Killed from afar by a starcursed mass

Illustrated notes

Levels and vault maps discovered:
D:1:      dpeg_arrival_long_road, layout_basic, serial_shops,
          nicolae_shop_industrial_runoff, shop, shop, nicolae_shop_tiny_glass,
          nicolae_shop_window_shopping
D:2:      layout_loops_ring
D:3:      layout_loops_corners, lemuel_blue_sif_altar, lemuel_doored_altar,
          grunt_dithmenos_smoke, okawaru_altar_gauntlet_db,
          grunt_decor_mini_mirrors
D:4:      layout_loops_ring, enter_ossuary_3
D:5:      layout_layer_cave, elyvilon_altar_4, serial_shops,
          nicolae_shop_mannequins, uniq_crazy_yiuf_cottage
D:6:      layout_loops_corners, temple_pool_b
D:7:      minmay_klotski, layout_basic, nicolae_tso_carved_into_rock,
          minmay_between, uniq_maggie
D:8:      layout_rooms, kiku_gazebo_pond_becter, enter_bailey_7, serial_shops,
          nicolae_shop_advertising_works [nicolae_subvault_shop_adworks],
          chequers_mini_garden, uniq_prince_ribbit1, uniq_joseph
D:9:      layout_basic, mainiacjoe_overflow_six_doors_small,
          hellmonk_lair_entry_icy, orc_0_dummy, uniq_maurice
D:10:     layout_gridville, makhleb_altar_promises_db,
          mainiacjoe_overflow_alcove_2, hellmonk_ghost_big_iron,
          nicolae_blasting_shop
D:11:     layout_basic, roderic_serpentine_path, minmay_checkerbox
D:12:     layout_loops_cross, uniq_snorg
D:13:     layout_small_grid
D:14:     layout_irregular_city, erik_vaults_1, good_gods_mini_temple
D:15:     gammafunk_depths_entry_grave, layout_long_grid,
          nicolae_qazlal_scattered_showers, minmay_misc_feat_square, hive_lemuel
Lair:1:   layout_big_grid
Lair:2:   layout_small_grid, minmay_swamp_entry_reptiles, dummy_spider_entry,
          grunt_forest_small_clearings, minmay_shattered_shrine,
          lemuel_fruit_tree
Lair:3:   layout_roguey, infiniplex_staircase_pool
Lair:4:   layout_regular_city, beast_lair_carwin_5
Lair:5:   grunt_lair_end_beastmaster, layout_layer_cave,
          nicolae_slime_entry_field_trip, serial_rivers,
          chequers_serial_rivers_small_b, chequers_serial_rivers_marsh,
          chequers_serial_rivers_marsh, chequers_serial_rivers_small_b
Swamp:1:  layout_falls_marsh, nicolae_swamp_little_swirl, uniq_nikola
Swamp:2:  layout_falls_marsh, evilmike_swamp_ruin_house_4, swamp_pool5,
          nicolae_swamp_feature_on_the_river_bank
Swamp:3:  layout_basic_swamp, evilmike_swamp_ruin_rubble_1, swamp_pool1,
          st_swamp_ruins_4
Swamp:4:  swamp_old_school, layout_basic_swamp, swamp_pool1, uniq_aizul
Spider:1: layout_chambers
Spider:2: nicolae_spider_hilbert_zone_2 [nicolae_spider_hilbert_4_sides_1_open,
          nicolae_spider_hilbert_4_sides_1_open,
          nicolae_spider_hilbert_4_sides_1_open,
          nicolae_spider_hilbert_4_sides_1_open,
          nicolae_spider_hilbert_6_sides_1_open,
          nicolae_spider_hilbert_6_sides_1_open,
          nicolae_spider_hilbert_3_sides_1_open,
          nicolae_spider_hilbert_3_sides_1_open,
          nicolae_spider_hilbert_3_sides_1_open,
          nicolae_spider_hilbert_3_sides_1_open,
          nicolae_spider_hilbert_6_sides_1_open,
          nicolae_spider_hilbert_6_sides_1_open,
          nicolae_spider_hilbert_6_sides_1_open,
          nicolae_spider_hilbert_6_sides_1_open], nicolae_spider_jagged_tunnels
Spider:3: layout_cave_pods
Spider:4: grunt_spider_rune_parallel, uniq_mara, uniq_arachne, uniq_kirke
Orc:1:    layout_diamond_mine, gammafunk_ghost_abyssal_escape, mines3_lemuel
Orc:2:    st_orc_ogre_mass, layout_caves, gauntlet_entry_generic,
          portal_ice_cave_entry_animals_and_master
Elf:1:    layout_loops_corners, serial_shops, shop,
          nicolae_shop_bloodbath_and_beyond, shop, shop, minmay_elf_necromancy
Elf:2:    elven_hall_of_blades_hangedman_original
          [infiniplex_blade_entry_pillars], layout_gridlike, eino_tiny_chamber,
          serial_nicolae_subway, nicolae_sub_station_stone,
          nicolae_sub_station_metal, nicolae_sub_station_crystal,
          lemuel_elevator, minmay_shoptagon, uniq_jorgrun, uniq_saint_roka,
          uniq_donald
Vaults:1: v_rooms_1, vaults_room_fancy_cross, hangedman_vaults_slice,
          nicolae_vaults_tetromino_T_2, vaults_dpeg_cross,
          nicolae_vaults_sightless_eye, vaults_mumra_hex, v_misc_9, v_misc_12,
          hangedman_vaults_impose, vaults_room_stairs_pillars,
          layout_vaults_omnicross
Vaults:2: minmay_crypt_entry_simple_round, grunt_tower_of_power,
          nicolae_vaults_shelves_hall, grunt_vaults_diagonal,
          vaults_room_large_hall, vaults_mumra_minichess_inversion,
          vaults_room_large_hall, nicolae_vaults_tetromino_T_2,
          nicolae_vaults_stepped_doors, v_misc_17,
          nicolae_vaults_sesquioval_fish, nicolae_vaults_surprise_closet,
          grunt_vaults_hallway_long, vaults_mumra_chevron,
          nicolae_vaults_wine_cellar, hangedman_vaults_nails, layout_vaults_ring
Crypt:1:  layout_rooms, nicolae_crypt_twisting_catacombs
Depths:1: layout_cave_pools, gammafunk_ghost_smash, pf_hell_entry_tar_river,
          nicolae_yredelemnul_ghost_church
Abyss:4:  base: D:4, evilmike_abyss_exit_15, hangedman_classic_abyss_death,
          small_statue_intersection, hangedman_abyss_or_decor_passed

Skill      XL: |  1  2  3  4  5  6  7  8  9 10 11 12 13 14 15 16 17 18 19 20 |
---------------+-------------------------------------------------------------+-----
Axes           | 4 5 6 7 9 12 14 16 18 20 21 22 23 24 25 26 | 26.6
Fighting       | 4 5 7 8 10 11 13 14 16 18 20 21 23 25 | 25.0
Armour         | 3 4 5 6 7 9 10 11 13 14 16 18 19 20 21 22 23 | 23.0
Dodging        | 3 4 |  4.0
Stealth        | 1 |  1.6
Unarmed Combat | 1 |  1.8

Action                     |  1- 3 |  4- 6 |  7- 9 | 10-12 | 13-15 | 16-18 | 19-21 || total
---------------------------+-------+-------+-------+-------+-------+-------+-------++-------
  Melee: Hand axe          |    84 |    59 |    76 |       |       |       |       ||   219
         Headbutt          |    15 |    18 |    40 |    51 |   135 |   167 |   191 ||   617
         Punch             |       |       |     2 |       |       |       |       ||     2
         Battleaxe         |       |       |   129 |   255 |   579 |   791 |   652 ||  2406
         Unarmed           |       |       |       |       |       |       |    16 ||    16
 Invoke: Berserk           |       |     1 |     1 |     3 |     6 |     8 |     4 ||    23
         Brothers in Arms  |       |       |       |     1 |     4 |     2 |     5 ||    12
  Evoke: Wand              |       |       |       |       |       |     2 |       ||     2
    Use: Scroll            |     3 |       |    18 |     4 |    10 |     2 |     6 ||    43
         Potion            |       |       |     3 |     1 |     7 |     3 |     4 ||    18
   Stab: Distracted        |       |       |       |       |       |     1 |       ||     1
 Armour: Animal skin       |     4 |       |       |       |       |       |       ||     4
         Scale mail        |    37 |    45 |    10 |       |       |       |       ||    92
         Crystal plate arm |       |       |   171 |   206 |   632 |   800 |   598 ||  2407
  Dodge: Dodged            |    50 |    53 |    98 |    97 |   255 |   350 |   330 ||  1233
         Repelled          |       |       |       |       |     1 |     5 |    11 ||    17
